 Dungeon Crawl Stone Soup version 0.23.2 (webtiles) character file.

Game seed: 5666778726412026287

471 Borgoz the Ducker (level 7, -2/57 HPs)
             Began as a Ghoul Gladiator on Apr 4, 2019.
             Was an Initiate of Ashenzari.
             Slain by a mummy (4 damage)
             ... in an ossuary.
             The game lasted 00:06:55 (2645 turns).

Borgoz the Ducker (Ghoul Gladiator)                 Turns: 2645, Time: 00:06:55

Health: -2/57      AC:  6    Str: 18      XL:     7   Next: 9%
Magic:  6/6        EV: 19    Int:  9 (10) God:    Ashenzari [......]
Gold:   104        SH:  0    Dex: 14 (15) Spells: 6/6 levels left

rFire    + . .     SeeInvis .   s - +2 short sword (vamp)
rCold    + . .     Gourm    .   (no shield)
rNeg     + + +     Faith    .   v - +2 leather armour {rF+}
rPois    ∞         Spirit   .   c - +0 helmet
rElec    .         Reflect  .   (no cloak)
rCorr    +         Harm     .   (no gloves)
MR       .....                  (no boots)
Stlth    +++.......             (no amulet)
HPRegen  0.00/turn              u - ring of resist corrosion
MPRegen  0.10/turn              (no ring)

@: brilliant, agile, rotting, hasted (expiring), very quick
A: rotting body, claws 1, carnivore, cold resistance 1, negative energy
resistance 3, inhibited regeneration, torment resistance, unbreathing
a: Curse Item, Renounce Religion


You were in an ossuary.
You worshipped Ashenzari.
Ashenzari was noncommittal.
You were not hungry.

You visited 2 branches of the dungeon, and saw 5 of its levels.
You also visited: Ossuary.

You collected 104 gold pieces.

Inventory:

Hand Weapons
 a - a +0 rapier
 s - a +2 vampiric short sword (weapon)
Armour
 c - a +0 helmet (worn)
 v - a +2 leather armour of fire resistance (worn)
Jewellery
 u - a ring of resist corrosion (left claw)
Scrolls
 e - 3 scrolls of remove curse
 i - a scroll of enchant armour {unknown}
 m - 2 scrolls of magic mapping
 o - 2 scrolls of identify {unknown}
 p - 2 scrolls of immolation {unknown}
Potions
 h - a potion of magic
 r - a potion of haste
Comestibles
 f - 7 rations


   Skills:
 + Level 3.5 Fighting
 * Level 4.2 Short Blades
 - Level 1.7 Throwing
 * Level 3.0 Armour
 * Level 4.2 Dodging
 + Level 2.3 Stealth


You had 6 spell levels left.
You didn't know any spells.
Your spell library was empty.

Dungeon Overview and Level Annotations

Branches:
Dungeon (4/15)             Temple (1/1) D:4

Altars:
Ashenzari
Elyvilon
Fedhas
Hepliaklqana
Makhleb
Okawaru
Sif Muna
Trog
Vehumet
Xom
The Shining One

Shops:
D:4 (


Innate Abilities, Weirdness & Mutations

Your body is rotting away.
You thrive on raw meat.
You are immune to poison.
You have sharp fingernails.
You are carnivorous and can eat meat at any time.
Your flesh is cold resistant. (rC+)
You are immune to negative energy. (rN+++)
You do not regenerate when monsters are visible.
You are immune to unholy pain and torment.
You can survive without breathing.


Message History

You closely miss the big kobold zombie.
The big kobold zombie is moderately damaged.
You puncture the big kobold zombie!
The big kobold zombie is heavily damaged.
The big kobold zombie closely misses you.
Your extra speed is starting to run out.
You hit the big kobold zombie.
The big kobold zombie is heavily damaged.
The big kobold zombie completely misses you.
You hit the big kobold zombie.
The big kobold zombie is severely damaged.
You hit the big kobold zombie.
The big kobold zombie is severely damaged.
The big kobold zombie closely misses you.
You hit the big kobold zombie but do no damage.
The big kobold zombie is severely damaged.
The big kobold zombie hits you.
* * * LOW HITPOINT WARNING * * *
The mummy hits you.
You die...

.........# ##...##
..........###.....##
..............Z....#
............Z.∩.∩..#
.............M.....#
..........###.....##
..........# ##...##
......ZMZ.# #####
Z#.#.#@#.# # #######


You could see a mummy and 2 big kobold zombies.

Vanquished Creatures
  Eustachio (D:4)
  A hound (D:4)
  Terence (D:2)
  Jessica (D:2)
  Natasha (thrice) (D:3)
  A big kobold zombie (Ossuary)
  A mummy (Ossuary)
  5 adders
  An ooze (D:1)
  A worm (D:2)
  5 dart slugs
  3 leopard geckos
  An orc (D:3)
  5 giant cockroaches
  A gnoll zombie (Ossuary)
  10 goblins
  11 hobgoblins
  5 jackals
  12 kobolds
  4 bats
  4 frilled lizards
  A goblin zombie (Ossuary)
  An orc zombie (Ossuary)
  13 rats
92 creatures vanquished.

Notes
Turn   | Place    | Note
-------+----------+-------------------------------------------
     0 | D:1      | Borgoz the Ghoul Gladiator began the quest for the Orb.
     0 | D:1      | Reached XP level 1. HP: 17/17 MP: 0/0
    66 | D:1      | Reached XP level 2. HP: 22/24 MP: 1/1
   423 | D:1      | Reached XP level 3. HP: 29/30 MP: 2/2
   457 | D:1      | Reached skill level 1 in Armour
   931 | D:2      | Reached XP level 4. HP: 25/37 MP: 3/3
  1010 | D:2      | Noticed Terence
  1054 | D:2      | Killed Terence
  1054 | D:2      | Reached skill level 1 in Stealth
  1193 | D:2      | Noticed Jessica
  1208 | D:2      | Killed Jessica
  1208 | D:2      | Reached XP level 5. HP: 35/45 MP: 4/4
  1432 | D:2      | Found a shimmering altar of Xom.
  1996 | D:3      | Noticed Natasha
  2004 | D:3      | Killed Natasha
  2014 | D:3      | Found a faded altar of an unknown god.
  2055 | D:3      | Noticed Natasha
  2071 | D:3      | HP: 2/45 [something (2)]
  2078 | D:3      | Killed Natasha
  2078 | D:3      | Reached XP level 6. HP: 12/51 MP: 5/5
  2313 | D:3      | Noticed Natasha
  2328 | D:3      | Killed Natasha
  2359 | D:4      | Noticed Eustachio
  2403 | D:4      | Killed Eustachio
  2403 | D:4      | Reached XP level 7. HP: 49/57 MP: 6/6
  2418 | D:4      | Found Zaizomiu's Weapon Shop.
  2445 | D:4      | Found a staircase to the Ecumenical Temple.
  2452 | Temple   | Entered the Ecumenical Temple
  2491 | Temple   | Became a worshipper of Ashenzari the Shackled
  2540 | D:4      | Found a sand-covered staircase.
  2544 | Ossuary  | Entered an ossuary
  2645 | Ossuary  | HP: 2/57 [big kobold zombie (3)]
  2645 | Ossuary  | Slain by a mummy

Skill      XL: |  1  2  3  4  5  6 |
---------------+-------------------+-----
Dodging        | 3 4 |  4.2
Short Blades   | 3 4 |  4.2
Armour         | 1 2 3 |  3.0
Stealth        | 1 2 |  2.3
Fighting       | 3 |  3.5
Throwing       | |  1.7

Action                   |  1- 3 |  4- 6 |  7- 9 || total
-------------------------+-------+-------+-------++-------
Melee: Rapier            |   124 |   153 |       ||   277
       Short sword       |       |   128 |    47 ||   175
Throw: Throwing net      |       |     3 |       ||     3
  Use: Potion            |       |     8 |     5 ||    13
       Scroll            |       |       |     1 ||     1
 Stab: Sleeping          |       |     2 |       ||     2
       Invisible         |       |     3 |       ||     3
  Eat: Chunk             |     9 |    27 |       ||    36
Armor: Leather armour    |    36 |    54 |     9 ||    99
       Chain mail        |       |    91 |       ||    91
Dodge: Dodged            |    81 |   144 |    35 ||   260
